 Dungeon Crawl Stone Soup version 0.28-a0-1613-gdaab1c2f9b (webtiles) character file.

Game seed: 683750364172854409

398 Sweetruy1997 the Ruffian (level 6, 0/61 HPs)
             Began as a Troll Berserker on Jan 21, 2022.
             Was a Priest of Trog.
             Slain by a two-headed ogre (33 damage)
             ... on level 4 of the Dungeon on Jan 22, 2022.
             The game lasted 00:09:13 (2473 turns).

Sweetruy1997 the Ruffian (Troll Berserker)          Turns: 2473, Time: 00:09:13

Health: 0/61       AC:  5    Str: 26    XL:     6   Next: 53%
Magic:  5/5        EV: 10    Int:  5    God:    Trog [***...]
Gold:   235        SH:  0    Dex:  9    Spells: 5/5 levels left

rFire   . . .      SeeInvis .   k - +5 quarterstaff (chaos)
rCold   . . .      Faith    .   (shield currently unavailable)
rNeg    . . .      Spirit   .   a - +0 animal skin
rPois   .          Reflect  .   (helmet restricted)
rElec   .          Harm     .   l - +0 cloak
rCorr   .          Rampage  .   (gloves unavailable)
Will    .....                   (boots unavailable)
Stlth   +.........              (no amulet)
HPRegen 1.00/turn               (no ring)
MPRegen 0.09/turn               (no ring)

@: no status effects
A: large, unfitting armour, claws 3, regeneration 1, shaggy fur 1, tough skin 1
a: Renounce Religion, Berserk, Trog's Hand


You were on level 4 of the Dungeon.
You worshipped Trog.
Trog was most pleased with you.
You visited 1 branch of the dungeon, and saw 4 of its levels.
You also visited: Sewer.

You collected 235 gold pieces.

Inventory:

Hand Weapons
 k - a +5 quarterstaff of chaos (weapon)
Missiles
 c - 4 boomerangs (quivered)
 e - 2 javelins
Armour
 a - a +0 animal skin (worn)
 l - a +0 cloak (worn)
Scrolls
 b - 2 scrolls of teleportation
 d - a scroll of fear {unknown}
 g - a scroll of torment {unknown}
 p - a scroll of immolation {unknown}
 r - a scroll of identify
 s - a scroll of blinking {unknown}
 t - 2 scrolls of enchant armour {unknown}
Potions
 f - a potion of might
 h - 2 potions of haste
 i - a potion of flight {unknown}
 j - a potion of invisibility {unknown}
 m - a potion of curing {unknown}
 n - a potion of brilliance {unknown}
 o - a potion of heal wounds {unknown}
 q - a potion of berserk rage {unknown}


   Skills:
 - Level 3.0 Fighting
 + Level 1.7 Staves
 + Level 3.3 Throwing
 - Level 3.0 Dodging
 - Level 1.0 Stealth
 - Level 4.4 Unarmed Combat


You had 5 spell levels left.
You didn't know any spells.
Your spell library was empty.

Dungeon Overview and Level Annotations

Branches:
Dungeon (4/15)              Sewer (visited)
 Temple: D:4-7

Altars:
Okawaru
Vehumet
Wu Jian


Innate Abilities, Weirdness & Mutations

You are too large for most types of armour.
You have claws for hands.
Your natural rate of healing is unusually fast.
You are covered in fur. (AC +1)
You have tough skin. (AC +1)


Message History

The orc shouts!
You throw a boomerang. The boomerang barely misses the orc.
You throw a boomerang. The boomerang closely misses the orc.
You throw a boomerang. The boomerang hits the orc.
The orc is heavily wounded.
You throw a boomerang. The boomerang hits the orc.
The orc is severely wounded.
You throw a boomerang. The boomerang hits the orc!
You kill the orc!
Trog accepts your kill.
You see here a +0 short sword.
t - 2 scrolls labelled WAFUCS JOACSAO (gained 1)
A two-headed ogre comes into view. It is wielding two +0 giant clubs.
You throw a boomerang. The two-headed ogre shouts in stereo!
The boomerang hits the two-headed ogre!
The two-headed ogre is lightly wounded.
You throw a boomerang.
The boomerang barely misses the two-headed ogre.
You throw a boomerang.
The boomerang hits the two-headed ogre but does no damage.
The two-headed ogre is lightly wounded.
You throw a boomerang.
The boomerang hits the two-headed ogre but does no damage.
The two-headed ogre is lightly wounded.
You throw a boomerang.
The boomerang barely misses the two-headed ogre.
You throw a boomerang.
The boomerang hits the two-headed ogre but does no damage.
The two-headed ogre is lightly wounded.
You closely miss the two-headed ogre.
The two-headed ogre is lightly wounded.
The two-headed ogre hits you with a +0 giant club!!
The two-headed ogre hits you with a +0 giant club.
You thump the two-headed ogre!
The two-headed ogre suddenly seems more agile.
The two-headed ogre is moderately wounded.
The two-headed ogre hits you with a +0 giant club!!
Ouch! That really hurt!
You die...

###.###..# #.'_'..#
#.# #.####.# #.#
#.# #.# #.# #.# #.#
#.# #+# #.# #.# #.#
#.# # #.# #.##.#
#.######.@O.####
###....)...........
+(#†.##############
#.)...#
...........#
..#.###....# ..
....#.. . ####.#.##
#.#.#


You could see a two-headed ogre (agile).

Vanquished Creatures
  Edmund (D:4)
  A jelly (Sewer)
  Crazy Yiuf (D:2)
  Terence (D:2)
  3 river rats
  5 adders
  An ufetubus (D:4)
  3 worms
  4 dart slugs
  2 orcs
  6 bats
  9 endoplasms
  10 giant cockroaches
  7 goblins
  7 hobgoblins
  6 jackals (D:3)
  3 quokkas
  9 ball pythons
  6 frilled lizards
  8 kobolds
  9 rats
102 creatures vanquished.

Notes
Turn   | Place    | Note
-------+----------+-------------------------------------------
     0 | D:1      | Sweetruy1997 the Troll Berserker began the quest for the
                  | Orb.
     0 | D:1      | Reached XP level 1. HP: 22/22 MP: 0/0
    59 | D:1      | Reached XP level 2. HP: 25/29 MP: 1/1
   124 | D:1      | Found a faded altar of an unknown god.
   415 | D:2      | Reached XP level 3. HP: 36/36 MP: 2/2
   502 | D:2      | Reached ** piety under Trog
   716 | D:2      | Noticed Terence
   737 | D:2      | Killed Terence
   738 | D:2      | Reached XP level 4. HP: 44/44 MP: 3/3
   797 | D:2      | Reached skill level 4 in Unarmed Combat
   888 | D:2      | Found a runed translucent door.
   889 | D:2      | Noticed Crazy Yiuf
   908 | D:2      | Killed Crazy Yiuf
   909 | D:2      | Reached skill level 1 in Throwing
   909 | D:2      | Reached XP level 5. HP: 53/53 MP: 4/4
  1202 | D:3      | Found a glowing drain.
  1220 | Sewer    | Entered a sewer
  1283 | Sewer    | Reached *** piety under Trog
  1392 | Sewer    | Reached skill level 1 in Staves
  1413 | Sewer    | Found a viscous altar of Jiyva.
  1777 | D:3      | Reached XP level 6. HP: 61/61 MP: 5/5
  1807 | D:3      | Found an ornate altar of the Wu Jian Council.
  1878 | D:3      | Found an iron altar of Okawaru.
  2192 | D:4      | Noticed Edmund
  2204 | D:4      | Killed Edmund
  2205 | D:4      | Reached skill level 1 in Stealth
  2424 | D:4      | Found a radiant altar of Vehumet.
  2465 | D:4      | Noticed a two-headed ogre
  2473 | D:4      | Slain by a two-headed ogre

Illustrated notes

Levels and vault maps discovered:
D:1:      lightli_arrival_quake, layout_rooms,
          dreamdust_ecumenical_altar_statues, serial_glass, glass_columns_c,
          glass_columns_b
D:2:      layout_loops_ring, minmay_joined_circles, uniq_terence,
          uniq_crazy_yiuf_cottage
D:3:      layout_basic, mainiacjoe_overflow_alcove_1, lemuel_crystal_altar,
          portal_sewer_entry_c
D:4:      layout_basic, kennysheep_mini, roderic_roman_lattice, uniq_edmund

Skill      XL: |  1  2  3  4  5  6 |
---------------+-------------------+-----
Dodging        | 3 |  3.0
Unarmed Combat | 4 |  4.4
Fighting       | 3 |  3.0
Throwing       | 1 2 3 |  3.3
Staves         | 1 |  1.7
Stealth        | 1 |  1.0

Action                   |  1- 3 |  4- 6 || total
-------------------------+-------+-------++-------
Melee: Unarmed           |   107 |    24 ||   131
       Punch             |     1 |     1 ||     2
       Quarterstaff      |       |    59 ||    59
Throw: Boomerang         |    13 |   109 ||   122
Invok: Berserk           |     3 |     2 ||     5
  Use: Scroll            |       |     7 ||     7
Armor: Animal skin       |    47 |    26 ||    73
Dodge: Dodged            |    63 |    41 ||   104

Table legend: (Time is in decaauts)
 A = Elapsed time spent in this place.
 B = Non-inter-level travel time spent in this place.
 C = Inter-level travel time spent in this place.
 D = Time resting spent in this place.
 E = Time spent auto-exploring this place.
 F = Levels seen in this place.
 G = Mean time per level.
                   A        B        C        D        E       F      G
               +--------+--------+--------+--------+--------+-----+--------+
         Total |   2582 |   2545 |     37 |     73 |   1719 |   5 |  516.4 |
       Dungeon |   2282 |   2245 |     37 |     62 |   1570 |   4 |  570.5 |
         Sewer |    300 |    300 |      0 |     11 |    149 |   1 |  300.0 |
               +--------+--------+--------+--------+--------+-----+--------+

Top non-repeatable levels by time:
     D:3: 762 daAuts
     D:2: 740 daAuts
     D:1: 426 daAuts
     D:4: 352 daAuts
   Sewer: 300 daAuts
